AoeStats
← nanakusa

Lombardia

508381979Analyzed
4v4 RM · 11d ago on Sep 22, 2026· 14m 17s· 8 players
Game mode
Random Map
Map size
Large (8 player)
Population
200
Speed
Normal
Resources
Standard
Victory
Conquest
Starting age
Dark Age
Ending age
Imperial Age
RankedLock teamsTeams togetherTeam positionsShared explorationLock speedFull tech treeHidden civsTurbo modeCheats
Victory
Defeat
🇨🇳 Khmer · China
1514
+15
🇯🇵 Spanish · Japan
1500
+15
🇯🇵 Burmese · Japan
1485
+16
🇨🇳 Persians · China
1452
+17
🇫🇷 Khmer · France
1539
-17
🇹🇷 Gurjaras · Türkiye
1510
-17
🇲🇽 Persians · Mexico
1491
-16
🇨🇳 Mongols · China
1407
-13
acyhjujaxuzjkt
5:45 Loom
8:36 Feudal Age
9:32 Double-Bit Axe
12:05 Fletching
13:47 Padded Archer Armor
god comic
10:49 Feudal Age
14:48 Castle Age
秦墨子
11:37 Feudal Age
13:17 Wheelbarrow
15:39 Castle Age
13:54 Double-Bit Axe
13:50 Horse Collar
nanakusa
11:11 Feudal Age
12:41 Wheelbarrow
15:15 Castle Age
13:04 Double-Bit Axe
13:45 Horse Collar
下雨天。。。。
10:51 Feudal Age
15:26 Castle Age
Apep
5:09 Loom
12:27 Feudal Age
Flybidi
OM | Romeo D. Sins
4:55 Loom
8:59 Feudal Age
Connection lost

Rejoining the realm…

Still unreachable

The connection could not be restored.

Session expired

The server has moved on; the page needs a fresh start.